 Dungeon Crawl Stone Soup version 0.26-a0-393-g67388ea477 (webtiles) character file.

Game seed: 2736679935595089258

332 KristoblXynda the Slasher (level 6, 0/51 HPs)
             Began as a Draconian Berserker on July 22, 2020.
             Was a Believer of Trog.
             Slain by a gnoll
             ... wielding a +0 halberd
              (1 damage)
             ... on level 4 of the Dungeon.
             The game lasted 00:04:15 (3135 turns).

KristoblXynda the Slasher (Draconian Berserker)     Turns: 3135, Time: 00:04:15

Health: 0/51       AC:  8    Str: 20    XL:     6   Next: 26%
Magic:  6/6        EV: 13    Int:  9    God:    Trog [**....]
Gold:   168        SH:  0    Dex: 10    Spells: 5/5 levels left

rFire    . . .     SeeInvis .   a - +0 falchion
rCold    . . .     Faith    .   (no shield)
rNeg     . . .     Spirit   .   (armour unavailable)
rPois    +         Reflect  .   (helmet restricted)
rElec    .         Harm     .   s - scarf {repulsion}
rCorr    +                      g - +1 pair of gloves
MR       ++...                  (no boots)
Stlth    ++........             (no amulet)
HPRegen  1.17/turn              m - ring of resist corrosion
MPRegen  0.10/turn              r - ring of poison resistance

@: berserk cooldown, regenerating, slowed, repel missiles, very slow
A: unfitting armour, cold-blooded, AC +6
a: Berserk, Trog's Hand, Renounce Religion


You were on level 4 of the Dungeon.
You worshipped Trog.
Trog was pleased with you.
You visited 1 branch of the dungeon, and saw 4 of its levels.

You collected 168 gold pieces.

Inventory:

Hand Weapons
 a - a +0 falchion (weapon)
Armour
 g - a +1 pair of gloves (worn)
 n - a +0 kite shield
 s - a scarf of repulsion (worn)
 t - a scarf of invisibility
Jewellery
 h - an uncursed ring of magical power
 m - a ring of resist corrosion (left hand)
 r - a ring of poison resistance (right hand)
Wands
 l - a wand of iceblast (3)
Scrolls
 c - 5 scrolls of remove curse {unknown}
 d - 2 scrolls of fog {unknown}
 q - a scroll of teleportation {unknown}
Potions
 b - a potion of ambrosia
 e - a potion of brilliance
 i - 2 potions of invisibility
 j - a potion of mutation
 p - a potion of might


   Skills:
 - Level 3.2 Fighting
 * Level 5.4 Long Blades
 + Level 3.9 Dodging
 + Level 2.9 Stealth


You had 5 spell levels left.
You didn't know any spells.
Your spell library was empty.

Dungeon Overview and Level Annotations

Branches:
Dungeon (4/15)
 Temple: D:4-7

Altars:
Uskayaw


Innate Abilities, Weirdness & Mutations

Your plain brown scales are hard. (AC +6)
You cannot fit into any form of body armour.
You are cold-blooded and may be slowed by cold attacks.


Message History

a +0 spear; a gnoll corpse You closely miss the gnoll.
The gnoll is heavily wounded.
You are no longer berserk.
You pass out from exhaustion.
You feel yourself slow down. The gnoll hits you with a +0 halberd.
* * * LOW HITPOINT WARNING * * *
The gnoll hits you with a +0 flail.
* * * LOW HITPOINT WARNING * * *
The gnoll hits you with a +0 halberd!
* * * LOW HITPOINT WARNING * * *
You can move again.
Things that are here:
a +0 spear; a gnoll corpse You hit the gnoll but do no damage.
Your tail-slap misses the gnoll.
The gnoll is heavily wounded.
The gnoll hits you with a +0 flail.
* * * LOW HITPOINT WARNING * * *
The gnoll hits you with a +0 halberd.
You die...

#..# #..# ###........ ..#
#..# ##...#.#. .# #..# ...#
# #..# #.... ### #..# #.##.
##.# #..# .. ######..# #..#
.....##.#########g.########
........'.......@##........
......#.'.......g##........
..<.†.#.#########g.########
###.(...# #..# # #.....#
#[.# ##....## #..# #.....##
#..# ###....## #..#
###.....## #..#


You could see 3 gnolls.

Vanquished Creatures
  Purgy (D:3)
  An orc priest (D:4)
  An orc wizard (D:4)
  An iguana (D:4)
  Terence (D:3)
  A worker ant (D:4)
  2 gnolls
  An adder (D:4)
  An ooze (D:3)
  A dart slug (D:1)
  2 leopard geckos
  8 orcs
  2 giant cockroaches
  5 goblins
  3 hobgoblins
  3 jackals (D:1)
  5 kobolds
  A quokka (D:4)
  A ball python (D:1)
  A ball python skeleton (D:4)
  7 bats
  3 frilled lizards
  A quokka skeleton (D:4)
  A quokka zombie (D:4)
  4 rats
58 creatures vanquished.

Notes
Turn   | Place    | Note
-------+----------+-------------------------------------------
     0 | D:1      | KristoblXynda the Draconian Berserker began the quest for
                  | the Orb.
     0 | D:1      | Reached XP level 1. HP: 19/19 MP: 1/1
   330 | D:1      | Reached XP level 2. HP: 26/26 MP: 2/2
   400 | D:1      | Reached skill level 1 in Stealth
   593 | D:1      | Reached XP level 3. HP: 22/31 MP: 3/3
  1853 | D:2      | Found a hide-covered altar of Uskayaw.
  1961 | D:3      | Noticed Terence
  1968 | D:3      | Killed Terence
  1968 | D:3      | Reached skill level 4 in Long Blades
  1968 | D:3      | Reached XP level 4. HP: 38/38 MP: 4/4
  2059 | D:3      | Reached ** piety under Trog
  2305 | D:3      | Noticed Purgy
  2313 | D:3      | Killed Purgy
  2313 | D:3      | Reached XP level 5. HP: 45/45 MP: 5/5
  2775 | D:4      | Reached skill level 5 in Long Blades
  3052 | D:4      | Reached XP level 6. HP: 25/51 MP: 6/6
  3135 | D:4      | HP: 1/51 [gnoll/+0 flail (4)]
  3135 | D:4      | Slain by a gnoll

Illustrated notes

Levels and vault maps discovered:
D:1:      dpeg_arrival_circle_labyrinth_c, layout_basic, serial_forest,
          infiniplex_forest_straight_4, infiniplex_forest_zigzag_2,
          infiniplex_forest_clump_diagonal, infiniplex_forest_diagonal,
          infiniplex_forest_clump_double, infiniplex_forest_clump_tiny,
          infiniplex_forest_clump_curved, infiniplex_forest_corner_1,
          minmay_pentomino_w2
D:2:      layout_loops_ring, marbit_many_paths, grunt_ministairs_2
D:3:      layout_basic, uniq_terence, uniq_purgy
D:4:      kennysheep_big_flooded_room, layout_cave_pools, lemuel_round_altar,
          uniq_sigmund

Skill      XL: |  1  2  3  4  5 |
---------------+----------------+-----
Stealth        | 1 2 |  2.9
Dodging        | 3 |  3.9
Long Blades    | 4 5 |  5.4
Fighting       | |  3.2

Action                   |  1- 3 |  4- 6 || total
-------------------------+-------+-------++-------
Melee: Falchion          |    92 |   105 ||   197
       Tailslap          |    10 |    17 ||    27
Invok: Berserk           |     1 |     3 ||     4
       Trog's Hand       |       |     1 ||     1
Evoke: Wand              |       |     1 ||     1
  Use: Scroll            |       |     6 ||     6
       Potion            |       |     1 ||     1
 Stab: Sleeping          |     3 |     1 ||     4
Armor: Skin              |    37 |    35 ||    72
Dodge: Dodged            |    77 |    79 ||   156
       Rpst.: Falchion   |    26 |    22 ||    48

Table legend: (Time is in decaauts)
 A = Elapsed time spent in this place.
 B = Non-inter-level travel time spent in this place.
 C = Inter-level travel time spent in this place.
 D = Time resting spent in this place.
 E = Time spent auto-exploring this place.
 F = Levels seen in this place.
 G = Mean time per level.
                   A        B        C        D        E       F      G
               +--------+--------+--------+--------+--------+-----+--------+
         Total |   3172 |   3086 |     86 |    401 |   2039 |   4 |  793.0 |
       Dungeon |   3172 |   3086 |     86 |    401 |   2039 |   4 |  793.0 |
               +--------+--------+--------+--------+--------+-----+--------+

Top non-repeatable levels by time:
     D:1: 1334 daAuts
     D:3: 864 daAuts
     D:2: 594 daAuts
     D:4: 379 daAuts
